 Dungeon Crawl Stone Soup version 0.23.2-1-ga50397a (webtiles) character file.

Game seed: 1414618120545092931

9 Brandominion the Ducker (level 2, -3/14 HPs)
             Began as a Felid Berserker on May 11, 2019.
             Was a Follower of Trog.
             Slain by a leopard gecko (5 damage)
             ... on level 1 of the Dungeon.
             The game lasted 00:03:12 (353 turns).

Brandominion the Ducker (Felid Berserker)            Turns: 353, Time: 00:03:14

Health: -3/14      AC:  1    Str: 13    XL:     2   Next: 3%
Magic:  3/3        EV: 19    Int:  8    God:    Trog [*.....]
Gold:   19         SH:  0    Dex: 15    Spells: 1/1 levels left
                                        Lives:  0   Deaths: 0

rFire    . . .     SeeInvis +     - Unarmed
rCold    . . .     Gourm    .   (shield unavailable)
rNeg     . . .     Faith    .   (armour unavailable)
rPois    .         Spirit   .   (helmet unavailable)
rElec    .         Reflect  .   (cloak unavailable)
rCorr    .         Harm     .   (gloves unavailable)
MR       .....                  (boots unavailable)
Stlth    ++........             (no amulet)
HPRegen  0.04/turn              (no ring)
MPRegen  0.08/turn              (no ring)

@: quick
A: very small, no armour, no weapons or thrown items, stealth, claws 1, fangs 3,
see invisible, carnivore, speed 1, shaggy fur 1, slow metabolism 1, sharp paws
a: Berserk, Renounce Religion


You were on level 1 of the Dungeon.
You worshipped Trog.
Trog was aware of your devotion.
You were very full.

You visited 1 branch of the dungeon, and saw 1 of its levels.

You collected 19 gold pieces.

Inventory:

Scrolls
 b - 2 scrolls of identify {unknown}
Potions
 c - a potion of mutation {unknown}
 d - a potion of curing {unknown}
Comestibles
 a - 2 rations


   Skills:
 + Level 3.1 Fighting
 + Level 4.2 Dodging
 + Level 1.0 Stealth
 * Level 3.2 Unarmed Combat


You had one spell level left.
You didn't know any spells.
Your spell library was empty.

Dungeon Overview and Level Annotations

Branches:
Dungeon (1/15)

Altars:


Innate Abilities, Weirdness & Mutations

You cannot wear armour.
You are incapable of wielding weapons or throwing items.
Your paws allow you to move quietly. (Stealth)
You have sharp claws.
You have razor-sharp teeth.
You have supernaturally acute eyesight. (SInv)
You are carnivorous and can eat meat at any time.
You cover ground quickly.
You are covered in fur. (AC +1)
You have a slow metabolism.
Your sharp claws are effective at attacking unaware monsters.


Message History

You are too injured to fight recklessly!
You are too injured to fight recklessly!
You are too injured to fight recklessly!
You are too injured to fight recklessly!
You are too injured to fight recklessly!
You are too injured to fight recklessly!
The leopard gecko hisses angrily.
You scratch the hobgoblin.
The hobgoblin is almost dead.
You closely miss the hobgoblin.
The hobgoblin is almost dead.
The hobgoblin hits you with a +0 club.
* * * LOW HITPOINT WARNING * * *
There is an open door here.
There is an open door here.
You closely miss the leopard gecko. The leopard gecko bites you.
* * * LOW HITPOINT WARNING * * *
You see here a +0 dagger.
You closely miss the leopard gecko. The leopard gecko bites you.
You die...

.......#..........####....
.......#..................
.......+.......g..........
..........................
....................###....
...#####...............#....
.....#?(?#...........#.#.#....
.....#?((#.รท..l........#.#.###
###.....#?)[#...@).......##.#.#
#.......#####..#####'#+#....#.#
...#.#.........# #.# ######.#
...#.#.........# ..#
...#.#.......### ####
...#.######..####+##
#'##.#.............#
#.##.#.###.........# #.##.#.#
#.........#


You could see a leopard gecko and a hobgoblin.

Vanquished Creatures
  3 goblins (D:1)
  A hobgoblin (D:1)
  4 bats (D:1)
  A frilled lizard (D:1)
9 creatures vanquished.

Notes
Turn   | Place    | Note
-------+----------+-------------------------------------------
     0 | D:1      | Brandominion the Felid Berserker began the quest for the
                  | Orb.
     0 | D:1      | Reached XP level 1. HP: 10/10 MP: 2/2
   188 | D:1      | Reached XP level 2. HP: 7/14 MP: 3/3
   262 | D:1      | Reached skill level 1 in Stealth
   353 | D:1      | Slain by a leopard gecko

Skill      XL: |  1  2 |
---------------+-------+-----
Stealth        | 1 |  1.0
Fighting       | |  3.1
Dodging        | |  4.2
Unarmed Combat | |  3.2

Action                   || total
-------------------------++-------
Melee: Unarmed           ||    19
       Bite              ||     4
 Stab: Sleeping          ||     3
  Eat: Chunk             ||     5
Armor: Skin              ||     1
Dodge: Dodged            ||     9
